 Dungeon Crawl Stone Soup version 0.21-a0-426-g98080a9 (webtiles) character file.

32 mastercheaf21 the Cudgeler (level 3, -3/33 HPs)
             Began as a Minotaur Berserker on Nov 6, 2017.
             Was a Follower of Trog.
             Slain by an adder (4 damage)
             ... on level 1 of the Dungeon.
             The game lasted 00:03:58 (846 turns).

mastercheaf21 the Cudgeler (Minotaur Berserker)      Turns: 846, Time: 00:03:59

Health: -3/33      AC:  3    Str: 22    XL:     3   Next: 10%
Magic:  2/2        EV: 12    Int:  4    God:    Trog [*.....]
Gold:   59         SH:  0    Dex:  9    Spells: 2/2 levels left

rFire    . . .     SeeInvis .   a - +0 mace
rCold    . . .     Gourm    .   (no shield)
rNeg     . . .     Faith    .   j - +0 leather armour
rPois    .         Spirit   .   (helmet restricted)
rElec    .         Reflect  .   (no cloak)
rCorr    .         Harm     .   (no gloves)
MR       .....                  (no boots)
Stlth    +.........             (no amulet)
HPRegen  0.11/turn              (no ring)
MPRegen  0.08/turn              (no ring)

@: lethally poisoned (-3 -> -7)
A: retaliatory headbutt, horns 2
a: Berserk, Burn Spellbooks, Renounce Religion


You were on level 1 of the Dungeon.
You worshipped Trog.
Trog was aware of your devotion.
You were not hungry.

You visited 1 branch of the dungeon, and saw 2 of its levels.

You collected 59 gold pieces.

Inventory:

Hand Weapons
 a - a +0 mace (weapon)
Missiles
 e - 5 stones (quivered)
 k - 5 exploding tomahawks
Armour
 b - a +0 animal skin
 j - a +0 leather armour (worn)
Scrolls
 f - 2 scrolls of identify {unknown}
 g - 3 scrolls of remove curse {unknown}
Potions
 h - a potion of curing {unknown}
Comestibles
 c - 3 bread rations
 d - a royal jelly
 i - 7 fruits


   Skills:
 + Level 4.2 Fighting
 * Level 4.5 Maces & Flails
 - Level 2.5 Armour
 - Level 2.3 Dodging


You had 2 spell levels left.
You didn't know any spells.

Dungeon Overview and Level Annotations

Branches:
Dungeon (2/15)

Altars:


Innate Abilities, Weirdness & Mutations

You reflexively headbutt those who attack you in melee.
You have a pair of horns on your head.


Message History

Your experience leads to an increase in your attributes!
Increase (S)trength, (I)ntelligence, or (D)exterity?
You feel stronger.
There is a stone staircase leading up here.
You can't go down here!
The adder closely misses you. You furiously retaliate!
You headbutt the adder. The kobold barely misses you.
You climb upwards.
* * * LOW HITPOINT WARNING * * *
You feel sick.
There is a stone staircase leading down here.
You hit the adder.
The adder is moderately wounded.
* * * LOW HITPOINT WARNING * * *
You feel sick. The adder bites you.
* * * LOW HITPOINT WARNING * * *
The kobold hits you with a short sword.
* * * LOW HITPOINT WARNING * * *
The adder bites you.
You die...

.......#####+######.....##.####.#
##.....#.....###.######.##.# #.#
##...................##.##.# #.#
####.#.##.####.#.##.....##.# ##..
.....#.##............#####.# #...
######.#######..)#...#.....###.##
#.#.......#.....#.######....
#.....#####K....#.######..##
#.....#....@S...............
##....#.##.#..##########.###
#....#.#.....## #.#..
#....#.#......# #.#.#
#....#.#.####.# #.###
######[...#...# #####...#
#....#...#####........
#....#...##..........#
#....#...##.##.......#


You could see an adder and a kobold.

Vanquished Creatures
  An adder (D:2)
  3 leopard geckos
  A giant cockroach (D:2)
  A goblin (D:1)
  2 hobgoblins (D:1)
  2 jackals (D:1)
  3 kobolds (D:1)
  3 bats (D:1)
  A frilled lizard (D:2)
  2 rats (D:1)
19 creatures vanquished.

Notes
Turn   | Place    | Note
-------+----------+-------------------------------------------
     0 | D:1      | mastercheaf21 the Minotaur Berserker began the quest for the Orb.
     0 | D:1      | Reached XP level 1. HP: 19/19 MP: 0/0
   118 | D:1      | Reached XP level 2. HP: 26/27 MP: 1/1
   843 | D:2      | Reached XP level 3. HP: 5/33 MP: 2/2
   846 | D:1      | HP: 1/33 [kobold/short sword (2)]
   846 | D:1      | Slain by an adder

Vault maps used:
D:1:      lightli_arrival_noodles, minmay_fountain_box, serial_park_tiny_2
D:2:      serial_bayou, serial_bayou_pond_d, serial_bayou_shore_a,
          serial_bayou_crossing, serial_bayou_lake_a,
          kennysheep_decorative_pillar, uniq_natasha, uniq_sigmund

Skill      XL: |  1  2 |
---------------+-------+-----
Maces & Flails | 4 |  4.5
Fighting       | 4 |  4.2
Armour         | |  2.5
Dodging        | |  2.3

Action                   || total
-------------------------++-------
Melee: Mace              ||    32
       Headbutt          ||     1
Armor: Animal skin       ||    11
       Leather armour    ||     4
Dodge: Dodged            ||    42

Table legend:
 A = Spawn XP
 B = Non-spawn XP
 C = Spawn XP percentage of total XP
 D = Spawn monster count
 E = Non-spawn monster count
 F = Spawn count percentage of total count
 G = Total turns spent on level
                    A         B        C        D         E        F      G
               +---------+---------+-------+---------+---------+-------+---------
         Total |       0 |      47 |   0.0 |       0 |      19 |   0.0 |   846
               +---------+---------+-------+---------+---------+-------+---------
           D:1 |       0 |      28 |   0.0 |       0 |      15 |   0.0 |   800
           D:2 |       0 |      19 |   0.0 |       0 |       4 |   0.0 |    46
               +---------+---------+-------+---------+---------+-------+---------
